AoeStats
← 一条固执的鱼

African Clearing

506691353Analyzed
3v3 RM · 17d ago on Sep 14, 2026· 30m 25s· 6 players
Game mode
Random Map
Map size
Normal (6 player)
Population
200
Speed
Normal
Resources
Standard
Victory
Conquest
Starting age
Dark Age
Ending age
Imperial Age
RankedLock teamsTeams togetherTeam positionsShared explorationLock speedFull tech treeHidden civsTurbo modeCheats
Victory
Defeat
🇦🇹 Mongols · Austria
1342
+12
🇮🇪 Lithuanians · Ireland
1301
+13
🇵🇪 Mongols · Peru
1271
+14
🇨🇳 Poles · China
1265
-14
🇨🇳 Vietnamese · China
1248
-13
🇨🇳 Mongols · China
1220
-12
Havoc_
3:34 Loom
13:05 Feudal Age
14:02 Double-Bit Axe
20:25 Horse Collar
20:49 Fletching
28:52 Wheelbarrow
32:51 Castle Age
TheBlackStuff
12:06 Feudal Age
14:01 Loom
14:45 Forging
17:07 Scale Barding Armor
17:42 Double-Bit Axe
22:31 Castle Age
25:42 Gold Mining
28:19 Iron Casting
28:02 Horse Collar
30:34 Heavy Plow
IRON MIKE
12:07 Feudal Age
15:59 Castle Age
14:48 Double-Bit Axe
14:58 Fletching
16:30 Loom
22:37 Bodkin Arrow
28:07 Bow Saw
29:15 Ballistics
30:28 Wheelbarrow
30:06 Husbandry
沉着 冷静
10:53 Loom
12:39 Feudal Age
16:41 Castle Age
14:49 Double-Bit Axe
20:13 Horse Collar
21:41 Bow Saw
24:31 Heavy Plow
27:28 Bloodlines
27:19 Husbandry
28:42 Scale Barding Armor
28:48 Forging
一条固执的鱼
6:45 Loom
13:53 Feudal Age
17:37 Castle Age
16:29 Double-Bit Axe
16:39 Gold Mining
16:40 Stone Mining
17:06 Horse Collar
19:11 Bow Saw
21:04 Wheelbarrow
22:03 Hand Cart
25:43 Fletching
29:58 Bodkin Arrow
809591945
3:32 Loom
11:57 Feudal Age
12:27 Town Watch
12:35 Double-Bit Axe
20:08 Fletching
32:50 Castle Age
Connection lost

Rejoining the realm…

Still unreachable

The connection could not be restored.

Session expired

The server has moved on; the page needs a fresh start.